 Dungeon Crawl Stone Soup version 0.25-a0-578-gc91f01c39c (webtiles) character file.

Game seed: 9345306003111473173, levelgen mode: deterministic

12 drasked the Chopper (level 2, -1/27 HPs)
             Began as a Hill Orc Monk on Mar 5, 2020.
             Slain by a leopard gecko (3 damage)
             ... on level 1 of the Dungeon.
             The game lasted 00:01:03 (399 turns).

drasked the Chopper (Hill Orc Monk)                  Turns: 399, Time: 00:01:03

Health: -1/27      AC:  2    Str: 13    XL:     2   Next: 33%
Magic:  2/2        EV: 13    Int: 10    God:
Gold:   22         SH:  0    Dex: 13    Spells: 1/1 levels left

rFire    . . .     SeeInvis .   a - +0 hand axe
rCold    . . .     Gourm    .   (no shield)
rNeg     . . .     Faith    .   b - +0 robe
rPois    .         Spirit   .   (no helmet)
rElec    .         Reflect  .   (no cloak)
rCorr    .         Harm     .   (no gloves)
MR       .....                  (no boots)
Stlth    ++........             (no amulet)
HPRegen  0.09/turn              (no ring)
MPRegen  0.08/turn              (no ring)

@: no status effects
A: no striking features
a: no special abilities


You were on level 1 of the Dungeon.
You were not hungry.

You visited 1 branch of the dungeon, and saw 1 of its levels.

You collected 22 gold pieces.

Inventory:

Hand Weapons
 a - a +0 hand axe (weapon)
Missiles
 g - 2 boomerangs
 h - 32 poisoned darts (quivered)
Armour
 b - a +0 robe (worn)
Scrolls
 d - 2 scrolls of identify {unknown}
 f - a scroll of fear {unknown}
Potions
 c - a potion of degeneration {unknown}
 j - a potion of haste {unknown}
Comestibles
 e - a ration
 i - 2 chunks of flesh {@w0}


   Skills:
 + Level 3.9 Fighting
 * Level 4.7 Axes
 - Level 2.4 Dodging
 - Level 1.5 Stealth


You had one spell level left.
You didn't know any spells.
Your spell library was empty.

Dungeon Overview and Level Annotations

Branches:
Dungeon (1/15)

Altars:


Message History

The kobold shouts!
The kobold throws a stone.
The stone misses you.
Throwing (i - inventory. (/) - cycle)
h - 18 poisoned darts (quivered)
Aim: a kobold, quivering 2 stones (poisoned)
You throw a poisoned dart. The poisoned dart hits the kobold.
The kobold looks even sicker.
The kobold throws a stone.
The stone hits you but does no damage.
Throwing (i - inventory. (/) - cycle)
h - 17 poisoned darts (quivered)
Aim: a kobold, quivering a stone (severely wounded, very poisoned)
You throw a poisoned dart. The poisoned dart hits the kobold.
You kill the kobold!
No target in view!
No target in view!
h - 18 poisoned darts (gained 2)
You see here a stone.
j - a murky red potion You open the door.
d - 2 scrolls labeled ISISECAELI (gained 1)
A bat comes into view.
A bat is nearby!
Throwing (i - inventory. (/) - cycle)
h - 18 poisoned darts (quivered)
Aim: a bat (resting)
You throw a poisoned dart. The poisoned dart hits the bat.
The bat misses you.
You closely miss the bat. The bat barely misses you.
Throwing (i - inventory. (/) - cycle)
h - 17 poisoned darts (quivered)
Aim: a bat You throw a poisoned dart.
The poisoned dart misses the bat.
The bat barely misses you. x2
You hit the bat.
You kill the bat!
No target in view!
h - 17 poisoned darts (gained 1)
You see here 10 stones.
h - 18 poisoned darts (gained 1)
You now have 22 gold pieces (gained 11).
h - 32 poisoned darts (gained 14)
A dart slug comes into view.
A dart slug is nearby!
Throwing (i - inventory. (/) - cycle)
h - 32 poisoned darts (quivered)
Aim: a dart slug You throw a poisoned dart.
The poisoned dart hits the dart slug.
Throwing (i - inventory. (/) - cycle)
h - 31 poisoned darts (quivered)
Aim: a dart slug You throw a poisoned dart.
The poisoned dart hits the dart slug.
The dart slug is poisoned.
The dart slug launches a dart at you. The slug dart misses you.
Throwing (i - inventory. (/) - cycle)
h - 30 poisoned darts (quivered)
Aim: a dart slug (moderately wounded, poisoned)
You throw a poisoned dart.
The poisoned dart barely misses the dart slug.
The dart slug launches a dart at you. The slug dart hits you.
Throwing (i - inventory. (/) - cycle)
h - 29 poisoned darts (quivered)
Aim: a dart slug (heavily wounded, poisoned)
You throw a poisoned dart. The poisoned dart hits the dart slug.
The dart slug looks even sicker.
Throwing (i - inventory. (/) - cycle)
h - 28 poisoned darts (quivered)
Aim: a dart slug (severely wounded, very poisoned)
You throw a poisoned dart. The poisoned dart hits the dart slug.
The dart slug looks even sicker.
You kill the dart slug!
You start resting.
h - 31 poisoned darts (gained 4)
You butcher the dart slug corpse.
i - 3 chunks of flesh {@w0} (gained 2)
h - 32 poisoned darts (gained 1)
A gnoll comes into view. It is wielding a +0 spear.
The gnoll shouts!
The gnoll moves out of view.
A leopard gecko, a rat and a goblin come into view.
There are monsters nearby!
The leopard gecko barely misses you.
A leopard gecko comes into view.
The leopard gecko closely misses you.
The leopard gecko hisses angrily.
The leopard gecko bites you but does no damage.
You hit the leopard gecko. The leopard gecko bites you.
You miss the leopard gecko. The leopard gecko closely misses you.
The gnoll misses you. The leopard gecko barely misses you.
You hit the leopard gecko.
The gnoll hits you from afar with a +0 spear.
The leopard gecko closely misses you. The gnoll closely misses you.
Some of the chunks of flesh in your inventory have rotted away.
You miss the leopard gecko. The leopard gecko bites you.
The gnoll hits you from afar with a +0 spear.
You are too injured to fight recklessly!
You are too injured to fight recklessly!
Unknown command.
You are too injured to fight recklessly!
You barely miss the leopard gecko. The leopard gecko barely misses you.
The gnoll hits you from afar with a +0 spear!
* * * LOW HITPOINT WARNING * * *
You closely miss the leopard gecko.
The leopard gecko closely misses you. x2
The gnoll hits you from afar with a +0 spear!
* * * LOW HITPOINT WARNING * * *
The leopard gecko hisses menacingly.
The leopard gecko closely misses you. The leopard gecko bites you.
You die...

.##.######..# #.#
.##.######..########.#
.##.#................#
......####..#######..#
..†.....>...# #..#
###.#####...# #..#
###.#####...# #(.#
≈≈≈≈≈≈≈≈....#######..####
♣######≈........@lg.....#
≈# #≈###########..##.#
8## #≈ #.l##.# ..+ #≈
#..##.# ### #≈
#####..##.# ♣# #≈
#.......#.# ≈♣ #+##≈
#.##...r..# .♣##.#
#.###...#.# ..#8.### #.#
##....#


You could see a gnoll and a leopard gecko.

Levels and vault maps discovered:
D:1:      saegor_arrival_fortress, layout_loops_ring, roderic_serpentine_path,
          minmay_heptomino_w4

Notes
Turn   | Place    | Note
-------+----------+-------------------------------------------
     0 | D:1      | drasked the Hill Orc Monk began the quest for the Orb.
     0 | D:1      | Reached XP level 1. HP: 19/19 MP: 1/1
   100 | D:1      | Identified a +0 dagger
   175 | D:1      | Reached XP level 2. HP: 27/27 MP: 2/2
   364 | D:1      | Identified a +0 spear
   368 | D:1      | Identified a +0 dagger
   388 | D:1      | HP: 1/27 [gnoll/+0 spear (8)]
   399 | D:1      | Slain by a leopard gecko

Table legend:
 A = Turns spent in this place as a percentage of turns spent in the entire game.
 B = Non-inter-level travel turns spent in this place as a percentage of non-inter-level travel turns spent in the entire game.
 C = Inter-level travel turns spent in this place as a percentage of turns spent in this place.
 D = Turns resting spent in this place as a percentage of non-inter-level travel turns spent in this place.
 E = Turns spent auto-exploring this place as a percentage of non-inter-level travel turns spent in this place.
 F = Non-inter-level travel turns spent in this place divided by the number of levels of this place that you've seen.
                   A       B       C       D       E      F
               +-------+-------+-------+-------+-------+----------------------
         Total | 100.0 | 100.0 |   0.0 |  14.3 |  54.9 | 399.0
       Dungeon | 100.0 | 100.0 |   0.0 |  14.3 |  54.9 | 399.0
               +-------+-------+-------+-------+-------+----------------------

Table legend:
 A = Kills in this place as a percentage of kills in entire the game.
 B = Kills by you in this place as a percentage of kills by you in the entire game.
 C = Kills by friends in this place as a percentage of kills by friends in the entire game.
 D = Other kills in this place as a percentage of other kills in the entire game.
 E = Experience gained in this place as a percentage of experience gained in the entire game.
 F = Experience gained in this place divided by the number of levels of this place that you have seen.
                   A       B       C       D       E      F
               +-------+-------+-------+-------+-------+----------------------
         Total | 100.0 | 100.0 |   N/A |   N/A | 100.0 |  18.0
       Dungeon | 100.0 | 100.0 |   N/A |   N/A | 100.0 |  18.0
               +-------+-------+-------+-------+-------+----------------------

Action                   || total
-------------------------++-------
Melee: Hand axe          ||    28
Throw: Stone             ||     1
       Boomerang         ||     1
       Dart              ||    12
Armor: Robe              ||     3
Dodge: Dodged            ||    34

Vanquished Creatures
  2 dart slugs (D:1)
  A bat zombie (D:1)
  A goblin (D:1)
  A ball python (D:1)
  A bat (D:1)
  A frilled lizard (D:1)
  2 kobolds (D:1)
  A quokka zombie (D:1)
10 creatures vanquished.
